 Dungeon Crawl Stone Soup version 0.28-a0-60-g54b5640690 (webtiles) character file.

Game seed: 8695572331113384068

35 zazu2006 the Magician (level 3, -3/28 HPs)
             Began as a Naga Hedge Wizard on July 30, 2021.
             Slain by a goblin (5 damage)
             ... led by Robin
             ... on level 2 of the Dungeon.
             The game lasted 00:02:36 (1463 turns).

zazu2006 the Magician (Naga Hedge Wizard)           Turns: 1463, Time: 00:02:37

Health: -3/28      AC:  3    Str:  9 (12) XL:     3   Next: 35%
Magic:  0/8        EV:  9    Int: 13 (15) God:
Gold:   74         SH:  0    Dex:  9 (10) Spells: 0/9 levels left

rFire   + . .      SeeInvis +   a - +0 dagger
rCold   + . .      Faith    .   (no shield)
rNeg    . . .      Spirit   .   b - +0 robe
rPois   +          Reflect  .   g - +0 helmet
rElec   +          Harm     .   (no cloak)
rCorr   +          Rampage  .   (no gloves)
Will    .....                   (no barding)
Stlth   ++........              (no amulet)
HPRegen 0.09/turn               (no ring)
MPRegen 0.11/turn               (no ring)

@: short of breath, resistant, very slightly contaminated, hasted, quick
A: AC +1, large, see invisible, deformed body, poison resistance, slowness 2,
spit poison 1, naga tail 1
a: Spit Poison


You were on level 2 of the Dungeon.
You visited 1 branch of the dungeon, and saw 2 of its levels.

You collected 74 gold pieces.

Inventory:

Hand Weapons
 a - a +0 dagger (weapon)
Armour
 b - a +0 robe (worn)
 c - a +0 hat
 g - a +0 helmet (worn)
Jewellery
 i - a ring of protection from cold
Scrolls
 e - a scroll of blinking {unknown}
 h - 2 scrolls of enchant weapon {unknown}


   Skills:
 + Level 1.6 Dodging
 + Level 3.7 Stealth
 + Level 3.7 Spellcasting
 + Level 1.2 Conjurations
 + Level 1.0 Summonings
 + Level 1.0 Translocations


You couldn't memorise any spells.
You knew the following spells:

 Your Spells              Type           Power      Damage    Failure   Level
a - Magic Dart            Conj           20%        1d4       13%         1
b - Mephitic Cloud        Conj/Pois/Air  3%         N/A       47%         3
c - Conjure Flame         Conj/Fire      4%         6-21      45%         3
d - Blink                 Tloc           N/A        N/A       22%         2

Your spell library contained the following spells:

 Spells                   Type           Power      Damage    Failure   Level
 Call Imp                 Summ           5%         N/A       22%         2
 Slow                     Hex            2%         N/A       32%         2


Dungeon Overview and Level Annotations

Branches:
Dungeon (2/15)

Altars:

Annotations:
D:2 Robin


Innate Abilities, Weirdness & Mutations

Your serpentine skin is tough. (AC +1)
You have supernaturally acute eyesight. (SInv)
Armour fits poorly on your strangely shaped body.
Your system is resistant to poisons. (rPois)
You cover ground very slowly.
You can spit poison.
You have a snake-like lower body.


Message History

Robin hits you but does no damage. The goblin barely misses you.
Your magical contamination has completely faded away.
Unknown command.
You hit the goblin.
The goblin is heavily wounded.
Robin hits you with a +0 club.
* * * LOW HITPOINT WARNING * * *
The goblin barely misses you.
Press: ? - help, Shift-Dir - straight line, f - goblin
Aim: a goblin, wielding a +0 club (heavily wounded, strong)
The splash of poison misses the goblin.
The goblin barely misses you.
Unknown command.
Casting: Magic Dart (safe; 13% risk of failure)
Confirm with . or Enter, or press ? or * to list all spells.
Aiming: Magic Dart (safe; 13% risk of failure)
Press: ? - help, Shift-Dir - straight line, f/p - goblin
Aim: a goblin, wielding a +0 club (heavily wounded, strong, 100% to hit)
You miscast Magic Dart.
You are very lightly contaminated with residual magic.
Nothing appears to happen.
Unknown command.
You aren't carrying any potions.
You barely miss the goblin.
The goblin is heavily wounded.
The goblin hits you but does no damage.
Casting: Magic Dart (safe; 13% risk of failure)
Confirm with . or Enter, or press ? or * to list all spells.
You don't have enough magic to cast this spell.
Unknown command.
You hit the goblin.
The goblin is severely wounded.
Robin barely misses you. The goblin barely misses you.
You barely miss the goblin.
The goblin is heavily wounded.
You have got your breath back.
Press: ? - help, Shift-Dir - straight line, f/p - goblin
Aim: a goblin, wielding a +0 club (heavily wounded, strong)
The splash of poison misses the goblin.
Robin closely misses you. The goblin hits you with a +0 club.
You die...

#.# #.#
#.# #.#
#.# #>#
#.# ##+
#.# ....
#g# .....
#@#
).g"..##g#
...g.g'gg#
!$.ggg#g##


..ggg #.# ...g #.# ##+ #.# #.# ..# You could see Robin and 4 goblins.

Vanquished Creatures
  A dart slug (D:1)
  A giant cockroach (D:2)
  7 goblins
  3 hobgoblins (D:2)
  2 jackals (D:1)
  2 quokkas
  5 ball pythons
  2 bats (D:1)
  2 frilled lizards (D:1)
  4 kobolds
29 creatures vanquished.

Notes
Turn   | Place    | Note
-------+----------+-------------------------------------------
     0 | D:1      | zazu2006 the Naga Hedge Wizard began the quest for the Orb.
     0 | D:1      | Reached XP level 1. HP: 15/15 MP: 4/4
   374 | D:1      | Reached XP level 2. HP: 22/22 MP: 0/6
   686 | D:1      | Found a faded altar of an unknown god.
  1133 | D:2      | Reached XP level 3. HP: 23/28 MP: 2/8
  1137 | D:2      | Learned a level 3 spell: Mephitic Cloud
  1141 | D:2      | Learned a level 3 spell: Conjure Flame
  1144 | D:2      | Learned a level 2 spell: Blink
  1437 | D:2      | Noticed Robin
  1463 | D:2      | Slain by a goblin

Illustrated notes

Levels and vault maps discovered:
D:1:      dpeg_arrival_orchard, layout_loops_ring, basic_ecumenical_altar,
          minmay_misc_feat_ornament
D:2:      layout_loops_ring, kennysheep_generic_room_8, uniq_robin, uniq_natasha

Action                   || total
-------------------------++-------
Melee: Dagger            ||    10
 Cast: Magic Dart        ||    53
 Abil: Spit Poison       ||    15
  Use: Potion            ||     3
Armor: Robe              ||     9
Dodge: Dodged            ||    19

Table legend: (Time is in decaauts)
 A = Elapsed time spent in this place.
 B = Non-inter-level travel time spent in this place.
 C = Inter-level travel time spent in this place.
 D = Time resting spent in this place.
 E = Time spent auto-exploring this place.
 F = Levels seen in this place.
 G = Mean time per level.
                   A        B        C        D        E       F      G
               +--------+--------+--------+--------+--------+-----+--------+
         Total |   1800 |   1763 |     37 |      0 |   1599 |   2 |  900.0 |
       Dungeon |   1800 |   1763 |     37 |      0 |   1599 |   2 |  900.0 |
               +--------+--------+--------+--------+--------+-----+--------+

Top non-repeatable levels by time:
     D:1: 1405 daAuts
     D:2: 394 daAuts
